 Dungeon Sprint DCSS version 0.30-a0-585-g93115170b9 (webtiles) character file.

Game seed: 7351064926554921699

34301 mhtbhm the Fencer (level 13, 0/143 HPs)
             Began as an Armataur Fighter on Jan 3, 2023.
             Was an Initiate of Gozag.
             Slain by a radroach (43 damage)
             ... in the Dungeon (Sprint IX: "|||||||||||||||||||||||||||||").
             The game lasted 00:09:21 (5558 turns).

mhtbhm the Fencer (Armataur Fighter)                Turns: 5558, Time: 00:09:21

Health: 0/143      AC: 26    Str: 25 (26) XL:     13   Next: 41%
Magic:  1/13       EV: 10    Int:  7 (9)  God:    Gozag
Gold:   3680       SH:  8    Dex: 15 (16) Spells: 12/12 levels left

rFire   + . .      SeeInvis .    a - +4 scimitar (flame)
rCold   . . .      Faith    .    c - +0 buckler
rNeg    + . .      Spirit   .    b - +3 ring mail {rF+}
rPois   +          Reflect  .    m - +0 helmet
rElec   .          Harm     .    z - +1 cloak
rCorr   +          Roll     +    (no gloves)
Will    +++..      Clarity  +    u - +0 barding
Stlth   ++++       NoTele   +    E - amulet of the Four Winds {rN+ Will+++ Clar}
HPRegen 0.43/turn                n - +2 ring of protection
MPRegen 0.13/turn                y - ring of Xom's Flight of Fancy {rPois rCorr Dex+6}

@: gold aura, very slightly contaminated
A: large, rugged brown scales 3, deformed body, armoured tail, roll, long
tongue, awkward tongue
a: Renounce Religion, Potion Petition, Call Merchant, Bribe Branch


You were in the Dungeon.
You worshipped Gozag.
Gozag was most pleased with you.
You visited 1 branch You collected 12305 gold pieces.
You spent 2476 gold pieces at shops.
You paid 6149 gold pieces to Gozag.

Inventory:

Hand Weapons
 a - a +4 scimitar of flaming (weapon)
 v - a +1 scimitar of holy wrath
Armour
 b - a +3 ring mail of fire resistance (worn)
 c - a +0 buckler (worn)
 m - a +0 helmet (worn)
 u - a +0 barding (worn)
 z - a +1 cloak (worn)
Jewellery
 n - a +2 ring of protection (left hand)
 y - the ring of Xom's Flight of Fancy (right hand) {rPois rCorr Dex+6}
   (You bought it in a shop in the Dungeon)

   [ring of dexterity]

   Dex:       It affects your dexterity (+6).
   rPois:     It protects you from poison.
   rCorr:     It protects you from acid and corrosion.
 B - a ring of willpower
 C - a ring of protection from cold
 E - the amulet of the Four Winds (around neck) {rN+ Will+++ Clar}
   (You bought it in a shop in the Dungeon)

   [amulet of nothing]

   rN:        It protects you from negative energy.
   Clar:      It protects you against confusion.
   Will:      It greatly increases your willpower.
Wands
 l - a wand of iceblast (6)
 o - a wand of mindburst (4)
Scrolls
 j - 2 scrolls of blinking
 k - 2 scrolls of amnesia
 q - 2 scrolls of brand weapon
 r - 2 scrolls of identify
 s - 6 scrolls of enchant weapon
 t - 4 scrolls of enchant armour
 w - a scroll of fear
 x - 4 scrolls of fog
 D - a scroll of magic mapping
Potions
 d - a potion of mutation
 e - 6 potions of curing
 f - a potion of heal wounds
 g - a potion of haste
 h - 4 potions of magic
 i - a potion of invisibility
 p - a potion of might
 A - a potion of brilliance


   Skills:
 + Level 18.1 Fighting
 + Level 18.6 Long Blades
 + Level 17.4 Armour
 + Level 7.9 Dodging
 + Level 11.1 Stealth
 + Level 15.3 Shields
 + Level 2.2 Evocations


You had 12 spell levels left.
You didn't know any spells.
Your spell library was empty.

Dungeon Overview and Level Annotations

Branches:
Dungeon (1/1)

Altars:
Cheibriados
Dithmenos
Elyvilon
Fedhas
Gozag
Hepliaklqana
Kikubaaqudgha
Makhleb
Nemelex Xobeh
Okawaru
Qazlal
Ru
Sif Muna
Trog
Uskayaw
Vehumet
Wu Jian
Xom
Yredelemnul
Zin
The Shining One
Jiyva
Lugonu

Shops:
D =?(?=(:(((


Innate Abilities, Weirdness & Mutations

You are completely covered in rugged brown scales. (AC +3, +7% HP)
Armour fits poorly on your strangely shaped body.
You have a long armoured tail.
You roll when moving toward enemies. (Rampage)
Your long tongue fully drains potion bottles. (2x potion effects)
Your tongue gives you trouble enunciating. (1.5x scroll delay)


Message History

You hit something. You burn something. Something hits you.
Something hits you but does no damage.
Something stings you but does no damage.
Something unexpectedly blocked you, preventing you from rolling!
You closely miss something.
You feel you are being watched by something.
Something hits you!
You feel clumsy. Something hits you but does no damage.
Something stings you but does no damage.
You are too injured to fight recklessly!
You are too injured to fight recklessly!
Unknown command.
Something unexpectedly blocked you, preventing you from rolling!
You slash something! You burn something.
Reactivating autopickup.
You feel a bit more experienced.
You feel your dexterity returning.
You roll towards the radroach!
You hit the radroach but do no damage. You tail-slap the radroach.
The radroach is lightly wounded.
The radroach erupts in a fountain of uncontrolled magic!
You are blasted with magical radiation!!
You are very lightly contaminated with residual magic.
You slash the radroach! You burn the radroach.
The radroach is lightly wounded.
The radroach bites you. The radroach claws you.
* * * LOW HITPOINT WARNING * * *
You hit the radroach but do no damage.
The radroach is lightly wounded.
You barely miss the radroach.
You tail-slap the radroach, but do no damage.
The radroach is lightly wounded.
You block the radroach's attack. The radroach closely misses you.
You hit the radroach. You burn the radroach.
The radroach is moderately wounded.
The radroach erupts in a fountain of uncontrolled magic!
You are blasted with magical radiation!!!
You die...
Your body crumbles into a pile of gold.

...........'[[.[.))[))...')[[[[)[
▓▓▓▓▓▓▓▓▓▓▓▓▓▓▓▓▓▓▓▓▓▓▓▓▓▓▓▓▓▓▓▓▓
...........))....................
▓▓▓▓▓▓▓▓▓▓▓▓▓▓▓▓▓▓▓▓▓▓▓▓▓▓▓▓▓▓▓▓▓
.......'....))))))))).[[[=[[[[...
▓▓▓▓▓▓▓▓▓▓▓▓▓▓▓▓▓▓▓▓▓▓▓▓▓▓▓▓▓▓▓▓▓
.................................
▓▓▓▓▓▓▓▓▓▓▓▓▓▓▓▓▓▓▓▓▓▓▓▓▓▓▓▓▓▓▓▓▓
.............'$$@B.....+
▓▓▓▓▓▓▓▓▓▓▓▓▓▓▓▓▓▓▓▓▓▓▓▓


You could see a radroach (soul bound).

Vanquished Creatures
  Rupert (D)
  A ghost moth (D)
  Azrael (D)
  A dire elephant (D)
  Snorg (D)
  4 ettins (D)
  A fire dragon (D)
  Josephine (D)
  An ice dragon (D)
  4 ogre magi (D)
  A boulder beetle (D)
  A centaur warrior (D)
  A tengu warrior (D)
  An orc high priest (D)
  6 deep trolls (D)
  A pharaoh ant (D)
  A skeletal warrior (D)
  A flayed ghost (D)
  A glowing orange brain (D)
  2 steelbarb worms (D)
  An orb spider (D)
  4 orc knights (D)
  An ugly thing (D)
  2 wolf spiders (D)
  A cyclops (D)
  7 elephants (D)
  A torpor snail (D)
  Joseph (D)
  2 black mambas (D)
  Maurice (D)
  Psyche (D)
  A kobold demonologist (D)
  A rime drake (D)
  2 komodo dragons (D)
  A tengu conjurer (D)
  An efreet (D)
  3 trolls (D)
  A culicivora (D)
  A wyvern (D)
  2 slime creatures (D)
  3 wraiths (D)
  A fire elemental (D)
  5 yaks (D)
  A vampire mosquito (D)
  A redback (D)
  3 water moccasins (D)
  5 hell hounds (D)
  2 black bears (D)
  11 orc warriors (D)
  2 centaurs (D)
  2 bullfrogs (D)
  A scorpion (D)
  2 howler monkeys (D)
  A hound (D)
  6 orc priests (D)
  An iguana (D)
  3 orc wizards (D)
  A dart slug (D)
  3 orcs (D)
  2 endoplasms (D)
  A quokka (D)
  A ball python (D)
125 creatures vanquished.

Notes
Turn   | Place    | Note
-------+----------+-------------------------------------------
     0 | D        | mhtbhm the Armataur Fighter began the quest for the Orb.
     0 | D        | Reached XP level 1. HP: 19/19 MP: 1/1
    63 | D        | Noticed a howler monkey
    63 | D        | Noticed a hound
    63 | D        | Noticed a howler monkey
    63 | D        | Noticed an iguana
    63 | D        | Noticed a black bear
    67 | D        | Killed a howler monkey
    68 | D        | Reached skill level 5 in Armour
    68 | D        | Reached XP level 2. HP: 28/28 MP: 2/2
    68 | D        | Reached XP level 3. HP: 35/35 MP: 3/3
    71 | D        | Reached skill level 5 in Shields
    71 | D        | Reached XP level 4. HP: 40/43 MP: 4/4
    73 | D        | Reached skill level 5 in Fighting
    75 | D        | Reached XP level 5. HP: 49/51 MP: 5/5
    79 | D        | Killed a black bear
    80 | D        | Reached skill level 5 in Long Blades
    85 | D        | Found a snail-covered altar of Cheibriados.
    85 | D        | Found a shadowy altar of Dithmenos.
    85 | D        | Found a white marble altar of Elyvilon.
    85 | D        | Found a blossoming altar of Fedhas.
    85 | D        | Found an opulent altar of Gozag.
    86 | D        | Found a hazy altar of Hepliaklqana.
    87 | D        | Found a viscous altar of Jiyva.
    88 | D        | Found an ancient bone altar of Kikubaaqudgha.
    89 | D        | Found a corrupted altar of Lugonu.
    90 | D        | Found a burning altar of Makhleb.
    91 | D        | Found a sparkling altar of Nemelex Xobeh.
    92 | D        | Found an iron altar of Okawaru.
    93 | D        | Found a stormy altar of Qazlal.
    94 | D        | Found a sacrificial altar of Ru.
    97 | D        | Became a worshipper of Gozag Ym Sagoz the Greedy
   100 | D        | Found a shimmering blue altar of Sif Muna.
   101 | D        | Found a bloodstained altar of Trog.
   102 | D        | Found a hide-covered altar of Uskayaw.
   103 | D        | Found a radiant altar of Vehumet.
   104 | D        | Found an ornate altar of the Wu Jian Council.
   105 | D        | Found a shimmering altar of Xom.
   106 | D        | Found a basalt altar of Yredelemnul.
   107 | D        | Found a glowing silver altar of Zin.
   108 | D        | Found a glowing golden altar of the Shining One.
   245 | D        | Noticed a centaur
   245 | D        | Noticed a kobold demonologist
   245 | D        | Noticed a centaur
   245 | D        | Noticed an orc warrior
   245 | D        | Noticed a yak
   249 | D        | Killed a centaur
   250 | D        | Reached XP level 6. HP: 55/62 MP: 6/6
   257 | D        | Killed a kobold demonologist
   258 | D        | Reached skill level 10 in Armour
   258 | D        | Reached XP level 7. HP: 61/71 MP: 7/7
   263 | D        | Killed a yak
   268 | D        | Noticed a centaur warrior
   268 | D        | Noticed a vampire mosquito
   268 | D        | Noticed a troll
   268 | D        | Noticed a tengu conjurer
   268 | D        | Noticed a slime creature
   272 | D        | Killed a centaur warrior
   273 | D        | Reached XP level 8. HP: 76/83 MP: 8/8
   275 | D        | Reached skill level 10 in Shields
   279 | D        | Killed a troll
   280 | D        | Reached skill level 10 in Long Blades
   293 | D        | Killed a tengu conjurer
   294 | D        | Reached skill level 10 in Fighting
   294 | D        | Reached skill level 1 in Stealth
   294 | D        | Reached XP level 9. HP: 36/90 MP: 9/9
   592 | D        | Noticed a black mamba
   592 | D        | Noticed a komodo dragon
   597 | D        | Noticed a rime drake
   599 | D        | Killed a black mamba
   600 | D        | Reached skill level 1 in Dodging
   612 | D        | Killed a komodo dragon
   627 | D        | Killed a rime drake
   841 | D        | Noticed a black mamba
   841 | D        | Noticed a torpor snail
   845 | D        | Noticed a komodo dragon
   854 | D        | Reached XP level 10. HP: 71/101 MP: 10/10
   856 | D        | Killed a black mamba
   857 | D        | Reached skill level 5 in Stealth
   875 | D        | Killed a torpor snail
  1180 | D        | Noticed an elephant
  1180 | D        | Noticed an elephant
  1180 | D        | Noticed an elephant
  1180 | D        | Noticed an elephant
  1180 | D        | Noticed an elephant
  1180 | D        | Noticed an elephant
  1181 | D        | Noticed an elephant
  1186 | D        | Killed an elephant
  1193 | D        | Killed an elephant
  1201 | D        | Killed an elephant
  1211 | D        | Killed an elephant
  1455 | D        | Killed an elephant
  1465 | D        | Noticed a dire elephant
  1473 | D        | Killed an elephant
  1691 | D        | Killed a dire elephant
  1692 | D        | Reached XP level 11. HP: 29/112 MP: 11/11
  1702 | D        | Reached skill level 15 in Long Blades
  1998 | D        | Noticed Joseph
  2008 | D        | Killed Joseph
  2070 | D        | Noticed Josephine
  2079 | D        | Killed Josephine
  2142 | D        | Noticed Psyche
  2150 | D        | Killed Psyche
  2151 | D        | Reached skill level 15 in Armour
  2237 | D        | Noticed an ettin
  2241 | D        | Noticed an orc knight
  2253 | D        | Killed an ettin
  2263 | D        | Killed an orc knight
  2409 | D        | Noticed an orc high priest
  2410 | D        | Killed an orc high priest
  2414 | D        | Noticed an orc knight
  2423 | D        | Noticed an orc knight
  2432 | D        | Killed an orc knight
  2449 | D        | Killed an orc knight
  2589 | D        | Found Doqais Ciboa's Magic Scroll Emporium.
  2589 | D        | Noticed a deep troll
  2589 | D        | Noticed an ogre mage
  2589 | D        | Noticed a deep troll
  2589 | D        | Noticed a deep troll
  2591 | D        | Noticed an ettin
  2595 | D        | Killed a deep troll
  2602 | D        | Found Leigg's Jewellery Shoppe.
  2602 | D        | Noticed an ogre mage
  2610 | D        | Killed an ogre mage
  2611 | D        | Reached skill level 15 in Fighting
  2617 | D        | Killed a deep troll
  2618 | D        | Reached XP level 12. HP: 119/127 MP: 12/12
  2697 | D        | Reached skill level 5 in Dodging
  2817 | D        | Killed an ettin
  2823 | D        | Killed an ogre mage
  3162 | D        | Found Feuxt's Antique Weapon Emporium.
  3166 | D        | Found Nevof's Book Shoppe.
  3169 | D        | Noticed an ogre mage
  3170 | D        | Noticed an ogre mage
  3177 | D        | Paralysed by an ogre mage for 5 turns
  3186 | D        | Killed an ogre mage
  3187 | D        | Reached skill level 1 in Evocations
  3211 | D        | Killed an ogre mage
  3388 | D        | Bought a scroll of enchant armour for 90 gold pieces
  3388 | D        | Bought a scroll of fear for 48 gold pieces
  3388 | D        | Bought a scroll of fog for 48 gold pieces
  3390 | D        | Bought the ring of Xom's Flight of Fancy {rPois rCorr
                  | Dex+6} for 686 gold pieces
  3457 | D        | Noticed Maurice
  3465 | D        | Killed Maurice
  3617 | D        | Bought 3 scrolls of fog for 228 gold pieces
  3617 | D        | Bought a scroll of enchant armour for 142 gold pieces
  3617 | D        | Bought a scroll of magic mapping for 142 gold pieces
  3619 | D        | Bought the amulet of the Four Winds {rN+ Will+++ Clar} for
                  | 1092 gold pieces
  3619 | D        | Found the amulet of the Four Winds {rN+ Will+++ Clar}
  3628 | D        | Noticed a boulder beetle
  3629 | D        | Reached skill level 10 in Stealth
  3645 | D        | Noticed a fire dragon
  4004 | D        | Killed a fire dragon
  4113 | D        | Killed a boulder beetle
  4226 | D        | Noticed a tengu warrior
  4227 | D        | Noticed an ice dragon
  4227 | D        | Noticed an ettin
  4234 | D        | Noticed an ettin
  4241 | D        | Killed a tengu warrior
  4246 | D        | Killed an ice dragon
  4264 | D        | Killed an ettin
  4490 | D        | Killed an ettin
  4491 | D        | Reached XP level 13. HP: 99/141 MP: 13/13
  4924 | D        | Noticed Azrael
  4958 | D        | Killed Azrael
  5135 | D        | Noticed Snorg
  5137 | D        | Noticed Rupert
  5183 | D        | Killed Rupert
  5194 | D        | Killed Snorg
  5195 | D        | Reached skill level 15 in Shields
  5553 | D        | Killed a ghost moth
  5558 | D        | Slain by a radroach

Illustrated notes

Levels and vault maps discovered:
D:        linesprint [early_d, line_temple, items_1, d_10, items_2, lair_1,
          lair_end, items_3, orc_1, orc_end, items_4, d_15, swamp_1, shoals_1,
          snake_1, spider_1, d_20, vaults_1, items_5, swamp_end, shoals_end,
          snake_end, spider_end, vaults_end, d_27, items_6, zot_1, zot_end,
          crypt_end, forest_end, elf_end, slime_end, tomb_end, abyss_end,
          pan_hell_end]

Skill      XL: |  1  2  3  4  5  6  7  8  9 10 11 12 13 |
---------------+----------------------------------------+-----
Fighting       | 4 5 6 7 9 10 11 12 15 17 18 | 18.1
Long Blades    | 3 4 6 7 9 10 12 14 16 17 18 | 18.6
Armour         | 5 6 7 9 10 12 13 14 15 17 | 17.4
Shields        | 4 5 6 7 8 9 10 11 13 14 15 | 15.3
Stealth        | 1 4 6 9 10 11 | 11.1
Dodging        | 1 2 4 7 |  7.9
Evocations     | 2 |  2.2

Action                   |  1- 3 |  4- 6 |  7- 9 | 10-12 | 13-15 || total
-------------------------+-------+-------+-------+-------+-------++-------
Melee: Long sword        |    16 |     9 |       |       |       ||    25
       Tailslap          |     2 |     5 |    15 |   107 |    29 ||   158
       Scimitar          |       |    11 |    82 |   511 |   121 ||   725
Invok: Call Merchant     |       |       |       |     3 |     3 ||     6
       Potion Petition   |       |       |       |     1 |       ||     1
Evoke: Wand              |       |       |       |     3 |     1 ||     4
  Use: Potion            |     1 |     1 |     2 |     6 |     3 ||    13
       Scroll            |       |       |       |     2 |     1 ||     3
 Stab: Distracted        |       |       |     3 |     5 |     1 ||     9
       Sleeping          |       |       |       |     4 |     2 ||     6
Armor: Scale mail        |     1 |    15 |    12 |    45 |       ||    73
       Leather armour    |       |       |       |    27 |       ||    27
       Chain mail        |       |       |       |    62 |       ||    62
       Ring mail         |       |       |       |    50 |    38 ||    88
Dodge: Dodged            |     3 |     8 |    15 |    74 |    18 ||   118
Block: Buckler           |     3 |     6 |    23 |   110 |    16 ||   158

Table legend: (Time is in decaauts)
 A = Elapsed time spent in this place.
 B = Non-inter-level travel time spent in this place.
 C = Inter-level travel time spent in this place.
 D = Time resting spent in this place.
 E = Time spent auto-exploring this place.
 F = Levels seen in this place.
 G = Mean time per level.
                   A        B        C        D        E       F      G
               +--------+--------+--------+--------+--------+-----+--------+
         Total |   5388 |   5388 |      0 |   2019 |   1440 |   1 | 5388.0 |
       Dungeon |   5388 |   5388 |      0 |   2019 |   1440 |   1 | 5388.0 |
               +--------+--------+--------+--------+--------+-----+--------+

Top non-repeatable levels by time:
       D: 5388 daAuts
